 Dungeon Crawl Stone Soup version 0.32-a0-779-g362cfcae2a (webtiles) character file.

Game seed: 10323501662105433963

9306 miscthings the Skirmisher (level 11, -5/68 HPs)
             Began as a Coglin Alchemist on Mar 19, 2024.
             Was a Priest of Okawaru.
             Slain by a freezing wraith (12 damage)
             ... on level 10 of the Dungeon.
             The game lasted 00:27:24 (7992 turns).

miscthings the Skirmisher (Coglin Alchemist)        Turns: 7992, Time: 00:27:25

Health: -5/68      AC: 10    Str:  8    XL:     11   Next: 44%
Magic:  10/18      EV: 11    Int: 17    God:    Okawaru [***...]
Gold:   582        SH:  0    Dex: 17    Spells: 8/20 levels left

rFire   . . .        v - +0 sling {Qinisela}
rCold   . . .        c - +2 sling {Anan}
rNeg    . . .        a - +0 robe
rPois   .            t - +2 helmet
rElec   .            i - +0 cloak
rCorr   .            C - +0 pair of gloves
SInv    .            q - +2 pair of boots
Will    .....        (amulet unavailable)
Stlth   ++           (ring unavailable)
HPRegen 0.31/turn    (ring unavailable)
MPRegen 0.16/turn    (no gizmo)

%: no passive effects
@: about to teleport, slowed, very slow
A: off-hand wielding, slow wielding, warmup strikes, no jewellery
a: Invent Gizmo, Renounce Religion, Heroism


You were on level 10 of the Dungeon.
You worshipped Okawaru.
Okawaru was most pleased with you.
You visited 2 branches of the dungeon, and saw 11 of its levels.

You collected 698 gold pieces.
You spent 116 gold pieces at shops.

Inventory:

Hand Weapons
 c - a +2 sling (offhand) {Anan}
 v - a +0 sling (weapon) {Qinisela}
Missiles
 A - a throwing net
Armour
 a - a +0 robe (worn)
 g - a +1 ring mail of cold resistance
 i - a +0 cloak (worn)
 q - a +2 pair of boots (worn)
 t - a +2 helmet (worn)
 x - a scarf of resistance
 C - a +0 pair of gloves (worn)
 M - +0 swamp dragon scales
Wands
 e - a wand of quicksilver (2)
 k - a wand of flame (19)
 D - a wand of warping (19)
 G - a wand of digging (6)
Scrolls
 f - a scroll of noise {unknown}
 h - a scroll of fear {unknown}
 o - a scroll of blinking {unknown}
 p - a scroll of fog {unknown}
 s - 3 scrolls of teleportation
 u - 2 scrolls of vulnerability
 y - 2 scrolls of revelation
 z - a scroll of amnesia
 B - a scroll of torment
 H - a scroll of silence
 I - a scroll of poison {unknown}
 J - 2 scrolls of immolation {unknown}
 K - a scroll of acquirement {unknown}
Potions
 b - a potion of magic
 d - 2 potions of mutation
 j - 2 potions of might
 l - 5 potions of attraction
 m - 2 potions of heal wounds
 n - a potion of resistance
 r - 2 potions of enlightenment
 w - 2 potions of curing
 E - a potion of berserk rage
 F - a potion of brilliance
 L - a potion of lignification {unknown}


   Skills:
 + Level 11.5 Ranged Weapons
 - Level 1.7 Dodging
 - Level 1.5 Stealth
 - Level 5.0 Spellcasting
 - Level 4.0 Conjurations
 - Level 4.0 Fire Magic
 - Level 3.0 Air Magic
 + Level 9.6 Alchemy


You had 8 spell levels left.
You knew the following spells:

 Your Spells              Type           Power      Damage    Failure   Level
a - Sting                 Conj/Alch      100%       1d9       1%          1
c - Mephitic Cloud        Conj/Alch/Air  23%        N/A       4%          3
d - Sticky Flame          Fire/Alch      27%        2d7       9%          4
z - Olgreb's Toxic Radia  Alch           37%        N/A       2%          4

Your spell library contained the following spells:

 Spells                   Type           Power      Damage    Failure   Level
 Mercury Vapours          Alch/Air       50%        N/A       1%          2
 Ignite Poison            Fire/Alch      27%        N/A       9%          4
 Borgnjor's Vile Clutch   Necr/Erth      2%         N/A       98%         5
 Ignition                 Fire           8%         3d5       100%        8
 Animate Dead             Necr           Unusable   N/A       N/A         4
 Death Channel            Necr           Unusable   N/A       N/A         6

Dungeon Overview and Level Annotations

Branches:
Dungeon (10/15)            Temple (1/1) D:7            Lair (0/5) D:8
    Orc: D:9-12

Altars:
Ashenzari
Cheibriados
Dithmenos
Elyvilon
Fedhas
Gozag
Hepliaklqana
Kikubaaqudgha
Makhleb
Nemelex Xobeh
Okawaru
Qazlal
Ru
Sif Muna
Trog
Uskayaw
Vehumet
Wu Jian
Yredelemnul
The Shining One

Shops:
D:2 *   D:4 !?   D:7 !

Annotations:
D:4 2 runed translucent doors, avangion's ghost, amateur OnWr


Innate Abilities, Weirdness & Mutations

You can wield a second weapon in your off-hand.
It takes a long time for you to wield or remove held weapons.
Your first few attacks do less damage.
You cannot equip rings or amulets.


Message History

Press: ? - help, v - describe, . - travel
Here: a freezing wraith The floor.
Aiming: Throw Flame
Press: ? - help, Shift-Dir - straight line, f - freezing wraith
Aim: a freezing wraith (68% to hit)
The puff of flame hits the freezing wraith.
The freezing wraith is burned terribly!
The freezing wraith is lightly damaged.
Aiming: Throw Flame
Press: ? - help, Shift-Dir - straight line, f/p - freezing wraith
Aim: a freezing wraith (lightly damaged, 68% to hit)
The puff of flame misses the freezing wraith.
Casting: Mephitic Cloud (dangerous; 4% risk of failure)
Confirm with . or Enter, or press ? or * to list all spells.
Aiming: Sticky Flame (dangerous; 9% risk of failure)
Press: ? - help, Shift-Dir - straight line, f/p - freezing wraith
Aim: a freezing wraith (lightly damaged, unstickable)
The sticky flame hits the freezing wraith but does no damage.
The freezing wraith is lightly damaged.
The freezing wraith hits you. The freezing wraith freezes you!!
The freezing wraith barely misses you.
Casting: Sticky Flame (dangerous; 9% risk of failure)
Confirm with . or Enter, or press ? or * to list all spells.
Aiming: Sticky Flame (dangerous; 9% risk of failure)
Press: ? - help, Shift-Dir - straight line, f/p - freezing wraith
Aim: a freezing wraith (lightly damaged, unstickable)
The sticky flame hits the freezing wraith!
The freezing wraith is burned terribly!
The freezing wraith is moderately damaged.
The freezing wraith hits you! The freezing wraith freezes you!!
* * * LOW HITPOINT WARNING * * *
The freezing wraith hits you.
* * * LOW HITPOINT WARNING * * *
The freezing wraith drains your vigour!
You feel yourself slow down.
As you read the scroll of teleportation, it crumbles to dust.
You feel strangely unstable. The freezing wraith hits you.
* * * LOW HITPOINT WARNING * * *
The freezing wraith freezes you!
You die...

....##...# .
#.......# ...
###...##<###.....
.......O......#
...........#..#
....######## #
###.#
############ #
#.# ..........<#
. ..#
.......W@..# !
..# ####.####..#
....# W.#..# ..
....#..# ..o
.|$?..#..#
.$|$..#..#
.)$[..#..#
......#..#


You could see a freezing wraith.

Vanquished Creatures
  Erica (D:9)
  A centaur warrior (D:8)
  A boulder beetle (D:6)
  2 two-headed ogres
  Maurice (D:8)
  An unseen horror (D:7)
  A komodo dragon (D:8)
  Jeremiah (D:7)
  Maggie (D:9)
  A troll (D:9)
  6 yaks (D:9)
  Sigmund (D:2)
  A wraith (D:9)
  A water moccasin (D:8)
  Duvessa (D:4)
  2 orc warriors (D:9)
  2 ice beasts
  4 sky beasts
  2 ogres
  3 bullfrogs
  2 gnoll sergeants
  8 wights
  Dowan (D:4)
  17 killer bees
  A howler monkey (D:6)
  A jelly (D:6)
  2 bombardier beetles
  4 orc priests
  6 sleepcaps
  2 iguanas
  5 orc wizards
  Robin (D:2)
  6 adders
  14 gnolls
  3 white imps
  4 ufetubi
  2 dart slugs
  2 ribbon worms (D:5)
  12 orcs
  2 bats
  12 endoplasms
  A giant cockroach (D:4)
  11 hobgoblins
  9 jackals
  10 kobolds
  3 quokkas
  6 ball pythons
  3 frilled lizards
  20 goblins
  7 rats
211 creatures vanquished.

Notes
Turn   | Place    | Note
-------+----------+-------------------------------------------
     0 | D:1      | miscthings the Coglin Alchemist began the quest for the
                  | Orb.
     0 | D:1      | Reached XP level 1. HP: 13/13 MP: 3/3
   105 | D:1      | Reached skill level 1 in Conjurations
   171 | D:1      | Reached XP level 2. HP: 18/19 MP: 2/4
   234 | D:1      | Found a faded altar of an unknown god.
   417 | D:1      | Reached XP level 3. HP: 20/24 MP: 4/6
   918 | D:2      | Learned a level 2 spell: Mercury Vapours
   922 | D:2      | Learned a level 3 spell: Mephitic Cloud
  1034 | D:2      | Reached XP level 4. HP: 30/30 MP: 5/7
  1084 | D:2      | Found Picol's General Store.
  1087 | D:2      | Bought a scroll of teleportation for 39 gold pieces
  1170 | D:2      | Noticed Sigmund
  1170 | D:2      | Noticed Robin
  1187 | D:2      | Killed Sigmund
  1188 | D:2      | Reached skill level 1 in Air Magic
  1188 | D:2      | Reached skill level 5 in Alchemy
  1188 | D:2      | Reached XP level 5. HP: 19/35 MP: 2/9
  1204 | D:2      | Killed Robin
  1205 | D:2      | Reached XP level 6. HP: 16/41 MP: 2/10
  1315 | D:2      | Bought a +0 sling for 19 gold pieces
  2374 | D:4      | Found Hulomolie's Distillery.
  2384 | D:4      | Bought a potion of degeneration for 13 gold pieces
  2529 | D:4      | Found a runed translucent door.
  2532 | D:4      | Noticed avangion's ghost (amateur OnWr)
  2654 | D:4      | Noticed Duvessa
  2654 | D:4      | Noticed Dowan
  2661 | D:4      | Learned a level 4 spell: Olgreb's Toxic Radiance
  2676 | D:4      | Killed Duvessa
  2677 | D:4      | Reached XP level 7. HP: 46/46 MP: 0/11
  2776 | D:4      | Killed Dowan
  2984 | D:4      | Found a runed translucent door.
  3027 | D:4      | Found The Oracle's Delphic Readings.
  3156 | D:5      | Entered Level 5 of the Dungeon
  3167 | D:5      | Found a shimmering blue altar of Sif Muna.
  3646 | D:5      | Found a hide-covered altar of Uskayaw.
  3646 | D:5      | Found a sparkling altar of Nemelex Xobeh.
  3941 | D:6      | Reached XP level 8. HP: 52/52 MP: 6/13
  3973 | D:6      | Learned a level 4 spell: Sticky Flame
  4079 | D:7      | Reached skill level 1 in Fire Magic
  4351 | D:7      | Found Udievoecve's Distillery.
  4359 | D:7      | Bought a potion of curing for 45 gold pieces
  4445 | D:7      | Noticed Jeremiah
  4456 | D:7      | Killed Jeremiah
  4468 | D:7      | Noticed an unseen horror
  4482 | D:7      | Killed an unseen horror
  4483 | D:7      | Reached skill level 5 in Spellcasting
  4483 | D:7      | Reached skill level 2 in Ranged Weapons
  4483 | D:7      | Reached XP level 9. HP: 33/57 MP: 8/16
  4558 | D:6      | Reached skill level 3 in Ranged Weapons
  4595 | D:6      | Noticed a two-headed ogre
  4614 | D:6      | Killed a two-headed ogre
  4615 | D:6      | Reached skill level 5 in Ranged Weapons
  4615 | D:6      | Noticed a boulder beetle
  4643 | D:6      | Killed a boulder beetle
  4644 | D:6      | Reached skill level 7 in Ranged Weapons
  4784 | D:6      | Reached XP level 10. HP: 43/63 MP: 7/17
  5308 | D:7      | Reached skill level 8 in Ranged Weapons
  5403 | D:7      | Found a staircase to the Ecumenical Temple.
  5430 | Temple   | Entered the Ecumenical Temple
  5448 | Temple   | Became a worshipper of Warmaster Okawaru
  5934 | D:8      | Noticed a two-headed ogre
  6148 | D:8      | Killed a two-headed ogre
  6149 | D:8      | Reached skill level 9 in Ranged Weapons
  6244 | D:8      | Reached * piety under Okawaru
  6290 | D:8      | Found a snail-covered altar of Cheibriados.
  6309 | D:8      | Noticed a centaur warrior
  6337 | D:8      | Killed a centaur warrior
  6338 | D:8      | Reached skill level 10 in Ranged Weapons
  6380 | D:8      | Reached ** piety under Okawaru
  6604 | D:8      | Noticed Maurice
  6619 | D:8      | Killed Maurice
  6920 | D:8      | Found a staircase to the Lair.
  7148 | D:9      | Reached XP level 11. HP: 67/68 MP: 2/18
  7263 | D:9      | Reached skill level 11 in Ranged Weapons
  7334 | D:9      | Noticed Erica
  7349 | D:9      | Killed Erica
  7349 | D:9      | Reached *** piety under Okawaru
  7615 | D:9      | Found a blossoming altar of Fedhas.
  7615 | D:9      | Found a glowing golden altar of the Shining One.
  7623 | D:9      | Found a bloodstained altar of Trog.
  7625 | D:9      | Found an opulent altar of Gozag.
  7627 | D:9      | Found a basalt altar of Yredelemnul.
  7803 | D:9      | Noticed Maggie
  7818 | D:9      | Killed Maggie
  7907 | D:10     | Entered Level 10 of the Dungeon
  7920 | D:10     | Noticed a two-headed ogre
  7992 | D:10     | Slain by a freezing wraith

Illustrated notes

Levels and vault maps discovered:
D:1:      shiori_shiawase, layout_rooms, shapermc_ecumenical_altar_mp_highgroup,
          st_stairs_8, dreamdust_mushroom_princess
D:2:      cheibrodos_helix_gallery, layout_basic, serial_shops, shop,
          nrook_campfire, dk_noncrumbling_3, minmay_increasing_density,
          uniq_sigmund, uniq_robin
D:3:      layout_rooms
D:4:      layout_rooms, serial_aquarium, aquarium_bridge_island_small
          [aquarium_subvault_small_water, aquarium_subvault_balcony,
          aquarium_subvault_balcony, aquarium_subvault_window,
          aquarium_subvault_bridge], aquarium_window_corridor_3,
          aquarium_window_fake, aquarium_window_1, aquarium_window_fake,
          aquarium_view_2c, aquarium_view_2e, aquarium_balcony_5b,
          aquarium_pool_2, serial_shops, shop, ebering_ghost_sewer_f,
          kennysheep_cross_bottleneck, nicolae_nh_oracle_at_delphi, uniq_duvessa
D:5:      layout_cave_pools, mainiacjoe_overflow_paths,
          mainiacjoe_overflow_divided_tiny, nicolae_figureground_sparkle
D:6:      nicolae_cairo_tiling_very_big, layout_basic, hangedman_minor_gate_pass
D:7:      layout_layer_cave, temple_doors_e, serial_shops, shop, uniq_jeremiah
D:8:      layout_basic, general_overflow_altar, david_lair_shrubbed,
          uniq_maurice
D:9:      layout_roguey, chequers_temple_overflow_minitemple, uniq_erica,
          uniq_maggie
D:10:     cheibrodos_elevator_heist, layout_cave_pools,
          grunt_temple_overflow_order_and_chaos_1, orc_0_dummy,
          chequers_serial_rivers_micro_d, kennysheep_generic_room_11
Temple:   chequers_temple_sunken

Skill      XL: |  1  2  3  4  5  6  7  8  9 10 11 |
---------------+----------------------------------+-----
Conjurations   | 1 2 3 4 |  4.0
Spellcasting   | 2 3 5 |  5.0
Alchemy        | 4 5 6 7 8 9 |  9.6
Air Magic      | 1 2 3 |  3.0
Fire Magic     | 3 4 |  4.0
Ranged Weapons | 2 7 10 11 | 11.5
Dodging        | |  1.7
Stealth        | |  1.5

Action                     |  1- 3 |  4- 6 |  7- 9 | 10-12 || total
---------------------------+-------+-------+-------+-------++-------
  Melee: Short sword       |    76 |    41 |       |       ||   117
         Unarmed           |     3 |       |       |       ||     3
   Fire: Sling             |       |   178 |   254 |   334 ||   766
   Cast: Sting             |    47 |    46 |    48 |    27 ||   168
         Mephitic Cloud    |       |     3 |     6 |    13 ||    22
         Olgreb's Toxic Ra |       |     1 |    11 |    17 ||    29
         Sticky Flame      |       |       |     5 |    18 ||    23
  Evoke: Wand              |       |       |     3 |    12 ||    15
    Use: Scroll            |       |       |     8 |    11 ||    19
         Potion            |       |       |     3 |     2 ||     5
   Stab: Sleeping          |     1 |       |       |       ||     1
         Confused          |       |     2 |       |       ||     2
 Armour: Robe              |    30 |    45 |    65 |    66 ||   206
  Dodge: Dodged            |    41 |    43 |    52 |    34 ||   170

Table legend: (Time is in decaauts)
 A = Elapsed time spent in this place.
 B = Non-inter-level travel time spent in this place.
 C = Inter-level travel time spent in this place.
 D = Time resting spent in this place.
 E = Time spent auto-exploring this place.
 F = Levels seen in this place.
 G = Mean time per level.
                   A        B        C        D        E       F      G
               +--------+--------+--------+--------+--------+-----+--------+
         Total |   8069 |   7512 |    557 |    699 |   4839 |  11 |  733.5 |
       Dungeon |   8024 |   7487 |    537 |    699 |   4839 |  10 |  802.4 |
        Temple |     44 |     25 |     19 |      0 |      0 |   1 |   44.0 |
               +--------+--------+--------+--------+--------+-----+--------+

Top non-repeatable levels by time:
     D:7: 1327 daAuts
     D:2: 1093 daAuts
     D:8: 1091 daAuts
     D:4: 866 daAuts
     D:9: 820 daAuts
     D:6: 763 daAuts
     D:5: 711 daAuts
     D:1: 701 daAuts
     D:3: 614 daAuts
  Temple: 44 daAuts
    D:10: 36 daAuts
